 Dungeon Crawl Stone Soup version 0.21-a0-94-gdd6ab6a (webtiles) character file.

88 Gorglomux the Conjurer (level 4, 18/18 HPs)
             Began as a Felid Conjurer on July 1, 2017.
             Quit the game on level 3 of the Dungeon.
             The game lasted 00:07:13 (3766 turns).

Gorglomux the Conjurer (Felid Conjurer)             Turns: 3766, Time: 00:07:14

Health: 18/18      AC:  1    Str:  4    XL:     4   Next: 30%
Magic:  10/10      EV: 18    Int: 17    God:
Gold:   102        SH:  0    Dex: 17    Spells: 4/10 levels left
                                        Lives:  0   Deaths: 1

rFire    . . .     SeeInvis +   (weapon unavailable)
rCold    . . .     Gourm    .   (shield unavailable)
rNeg     . . .     Faith    .   (armour unavailable)
rPois    .         Spirit   .   (helmet unavailable)
rElec    .         Reflect  .   (cloak unavailable)
rCorr    .         Harm     .   (gloves unavailable)
MR       .....                  (boots unavailable)
Stlth    +++.......             (no amulet)
HPRegen  0.06/turn              (no ring)
MPRegen  0.12/turn              (no ring)

@: quick
A: no armour, no weapons or thrown items, stealth, claws 1, fangs 3, see
invisible, carnivore 3, speed 1, shaggy fur 1, slow metabolism 1, sharp paws
a: no special abilities


You were on level 3 of the Dungeon.
You were not hungry.

You visited 1 branch of the dungeon, and saw 3 of its levels.

You collected 102 gold pieces.

Inventory:

Jewellery
 J - an uncursed amulet of magic regeneration {unknown}
 O - a +3 ring of strength {unknown}
Wands
 F - a wand of flame (19/48)
Scrolls
 C - a scroll of remove curse {unknown}
 E - a scroll of recharging {unknown}
 G - a scroll of teleportation {unknown}
 I - 2 scrolls of enchant weapon {unknown}
 M - 2 scrolls of identify {unknown}
 R - a scroll of noise {unknown}
Potions
 A - a potion of cancellation {unknown}
 B - a potion of curing {unknown}
 L - a potion of heal wounds {unknown}
 P - a potion of agility {unknown}
Books
 a - a book of Conjurations

   Spells                             Type                      Level
   a - Magic Dart                     Conjuration                  1
   b - Searing Ray                    Conjuration                  2
   c - Dazzling Spray                 Conjuration/Hexes            3
   d - Fulminant Prism                Conjuration/Hexes            4
   e - Force Lance                    Conjuration/Translocation    4
   f - Iskenderun's Mystic Blast      Conjuration                  4
Comestibles
 z - 2 meat rations
 Q - 7 chunks of flesh


   Skills:
 - Level 2.6 Dodging
 - Level 2.6 Stealth
 + Level 3.8 Spellcasting
 + Level 5.0 Conjurations


You had 4 spell levels left.
You knew the following spells:

 Your Spells              Type           Power        Failure   Level  Hunger
a - Magic Dart            Conj           ###.         1%          1    None
b - Searing Ray           Conj           ###...       3%          2    ##.....
q - Dazzling Spray        Conj/Hex       ##....       17%         3    ###....


Dungeon Overview and Level Annotations

Branches:
Dungeon (3/15)

Altars:


Innate Abilities, Weirdness & Mutations

You cannot wear armour.
You are incapable of wielding weapons or throwing items.
Your paws allow you to move quietly. (Stealth)
You have sharp claws.
You have razor-sharp teeth.
You have supernaturally acute eyesight. (SInv)
You are carnivorous and can eat meat at any time.
You cover ground quickly.
You are covered in fur. (AC +1)
You have a slow metabolism.
Your sharp claws are effective at attacking unaware monsters.


Message History

Press: ? - help, Shift-Dir - straight line, f - orc wizard
Aim: an orc wizard, wielding a dagger and wearing a robe (fast)
The searing ray misses the orc wizard. (Press . to maintain the ray.)
The searing ray hits the orc wizard.
The orc wizard is moderately wounded.
The orc wizard hits you with a dagger.
The searing ray hits the orc wizard.
The orc wizard is severely wounded.
The orc wizard casts a spell at you. The puff of frost hits you!
* * * LOW HITPOINT WARNING * * *
The orc wizard casts a spell at you. The magic dart hits you!
You die...
You are now level 4!
You rejoin the land of the living...
A rat comes into view.
Unknown command.
Are you sure you want to abandon this character and quit the game? (Confirm with "yes".)

.........#
.......................#
....r...................
.......................#
......................%g
......................##
.....................)..
.....................†..
.......@..............##
........................
........................
.......................
................!......#
...............
............... ..#
............... ....
o..#


You could see a rat (sleeping).

Vanquished Creatures
  An orc priest (D:3)
  3 gnolls (D:3)
  2 adders (D:2)
  An ooze (D:1)
  2 worms
  2 dart slugs (D:2)
  2 leopard geckos (D:3)
  10 orcs
  6 giant cockroaches
  8 goblins
  9 hobgoblins
  3 jackals (D:2)
  8 bats
  2 frilled lizards (D:1)
  4 kobolds
  8 rats
71 creatures vanquished.

Notes
Turn   | Place    | Note
-------+----------+-------------------------------------------
     0 | D:1      | Gorglomux the Felid Conjurer began the quest for the Orb.
     0 | D:1      | Reached XP level 1. HP: 7/7 MP: 4/4
   281 | D:1      | Reached XP level 2. HP: 11/11 MP: 3/6
  1209 | D:1      | Reached skill level 4 in Conjurations
  1473 | D:2      | Reached XP level 3. HP: 14/14 MP: 2/8
  1478 | D:2      | Learned a level 3 spell: Dazzling Spray
  1682 | D:2      | Learned a level 2 spell: Searing Ray
  2008 | D:2      | Reached skill level 3 in Spellcasting
  2449 | D:2      | Reached XP level 4. HP: 18/18 MP: 7/9
  3125 | D:3      | Reached XP level 5. HP: 20/21 MP: 3/11
  3721 | D:3      | Reached skill level 5 in Conjurations
  3765 | D:3      | Killed from afar by an orc wizard
  3766 | D:3      | Reached XP level 4. HP: -1/18 MP: 0/10
  3766 | D:3      | Quit the game

Vault maps used:
D:1:      shiori_shiawase

Skill      XL: |  1  2  3  4  5 |
---------------+----------------+-----
Conjurations   | 4 5 |  5.0
Spellcasting   | 3 |  3.8
Dodging        | |  2.6
Stealth        | |  2.6

Action                   |  1- 3 |  4- 6 || total
-------------------------+-------+-------++-------
Melee: Unarmed           |     5 |    11 ||    16
       Bite              |     1 |       ||     1
 Cast: Magic Dart        |    94 |    47 ||   141
       Searing Ray       |     1 |    11 ||    12
       Dazzling Spray    |     1 |     1 ||     2
  Eat: Chunk             |    11 |     3 ||    14
Armor: Skin              |     3 |     3 ||     6
Dodge: Dodged            |    19 |    34 ||    53
